 Dungeon Crawl Stone Soup version 0.26-a0-854-gdc81c2f471 (webtiles) character file.

Game seed: 16488729679835723252

1856 Ijustatesigmund the Chopper (level 9, -7/64 HPs)
             Began as an Octopode Fighter on Nov 24, 2020.
             Shot with a sling bullet by Joseph (13 damage)
             ... on level 7 of the Dungeon.
             The game lasted 00:12:22 (7690 turns).

Ijustatesigmund the Chopper (Octopode Fighter)      Turns: 7690, Time: 00:12:22

Health: -7/64      AC:  3    Str: 15      XL:     9   Next: 13%
Magic:  18/18      EV: 13    Int: 13      God:
Gold:   322        SH: 14    Dex: 11 (12) Spells: 8/8 levels left

rFire    . . .     SeeInvis .   a - +1 war axe
rCold    . . .     Faith    .   b - +1 kite shield
rNeg     . . .     Spirit   .   (helmet restricted)
rPois    .         Reflect  .   (no amulet)
rElec    .         Harm     .   r - ring of magical power
rCorr    .         Rampage  .   (no ring)
MR       .....                  (no ring)
Stlth    ++........             (no ring)
HPRegen  0.20/turn              (no ring)
MPRegen  0.16/turn              (no ring)
                                (no ring)
                                (no ring)

@: mighty, about to teleport
A: almost no armour, stealthy swim, amphibious, 8 rings, constrict 8, iridescent
scales 1, large bone plates 1, camouflage 1, deterioration 1, gelatinous body 1,
no potion heal 1
a: no special abilities


You were on level 7 of the Dungeon.
You visited 2 branches of the dungeon, and saw 8 of its levels.

You collected 322 gold pieces.

Inventory:

Hand Weapons
 a - a +1 war axe (weapon)
 i - a +2 flail of holy wrath
Missiles
 g - 34 poisoned darts (quivered)
 m - a throwing net
Armour
 b - a +1 kite shield (worn)
Jewellery
 r - a ring of magical power (left tentacle)
Scrolls
 f - a scroll of teleportation
 n - 4 scrolls of remove curse
 o - a scroll of blinking
 p - a scroll of silence {unknown}
 q - 3 scrolls of immolation
 t - a scroll of amnesia {unknown}
Potions
 e - 2 potions of ambrosia
 h - 2 potions of curing
 k - a potion of magic
 l - 2 potions of lignification
 s - 2 potions of attraction


   Skills:
 + Level 7.1 Fighting
 + Level 7.1 Axes
 + Level 5.5 Dodging
 + Level 5.5 Shields


You had 8 spell levels left.
You didn't know any spells.
Your spell library contained the following spells:

 Spells                   Type           Power        Failure   Level
 Foxfire                  Conj/Fire      #...         71%         1
 Conjure Flame            Conj/Fire      #.......     97%         3
 Inner Flame              Hex/Fire       #.......     97%         3
 Sticky Flame             Conj/Fire      #.......     100%        4
 Fireball                 Conj/Fire      #.........   100%        5


Dungeon Overview and Level Annotations

Branches:
Dungeon (7/15)             Temple (1/1) D:4

Altars:
Ashenzari
Cheibriados
Dithmenos
Elyvilon
Fedhas
Gozag
Hepliaklqana
Kikubaaqudgha
Makhleb
Nemelex Xobeh
Okawaru
Qazlal
Ru
Sif Muna
Trog
Uskayaw
Vehumet
Wu Jian
Xom
Zin
The Shining One

Annotations:
D:7 Joseph


Innate Abilities, Weirdness & Mutations

You cannot wear most types of armour.
You are very stealthy in the water. (Stealth+)
You are amphibious.
You can wear up to eight rings at the same time.
You can use your tentacles to constrict eight enemies at once.
Your skin changes colour to match your surroundings (Stealth+).
Your rubbery body absorbs attacks. (AC +1, EV +1)
You are partially covered in iridescent scales. (AC +2)
You are partially covered in large bone plates. (SH +4)
Your body sometimes deteriorates upon taking damage.
Potions are less effective at restoring your health.


Message History

Joseph hits you but does no damage.
Joseph hits you with a +0 spectral quarterstaff.
Joseph zaps a wand.
You shrug off the repeated paralysis!
Joseph hits you with a +0 spectral quarterstaff!
* * * LOW HITPOINT WARNING * * *
An orc comes into view. It is wielding a +0 dagger.
Joseph hits you with a +0 spectral quarterstaff!
* * * LOW HITPOINT WARNING * * *
An orc wizard comes into view. It is wielding a +2 dagger of venom.
You can move again.
As you read the scroll labelled BOSIT NURIAX, it crumbles to dust.
You feel strangely unstable.
It was a scroll of teleportation.
The spectral weapon fades away.
Joseph hits you with a +0 spectral quarterstaff.
* * * LOW HITPOINT WARNING * * *
Joseph draws out his weapon's spirit!
Joseph unwields a +0 spectral quarterstaff.
Joseph wields a +0 hunting sling.
Joseph shoots a sling bullet.
The sling bullet hits you!
You die...

..# .... #...# ##
#.._# .. #...# o#
.####...##### (# #
............##@#..#
###
............@....#
#..
.........(..##.#.#
#.# ####...#####
.... #.# #..[# ##.#
#.# #...#
#.####.#### #...#
#.#...>...##..
##.##
##.#.##........ #.#
###.#..##.<#.##..
#.# #..###.....#.#


You could see Joseph.

Vanquished Creatures
  Eustachio (D:4)
  A water moccasin (D:6)
  Duvessa (D:6)
  A sky beast (D:5)
  3 ice beasts
  An ogre (D:5)
  A phantom (D:7)
  Dowan (D:6)
  A bullfrog zombie (D:5)
  A howler monkey (D:5)
  A quasit (D:6)
  3 jellies (D:6)
  3 hounds
  6 orc priests
  3 bullfrog skeletons (D:5)
  Terence (D:3)
  Natasha (D:4)
  3 worker ants
  7 adders
  2 white imps (D:5)
  4 ufetubi
  2 adder zombies (D:5)
  2 adder skeletons (D:4)
  5 worms
  2 dart slugs
  6 leopard geckos
  19 orcs
  6 giant cockroaches
  A hobgoblin (D:3)
  9 jackals
  2 quokkas
  3 bats (D:1)
  4 frilled lizards
  A goblin (D:2)
  6 kobolds
  A quokka skeleton (D:3)
  7 rats
122 creatures vanquished.

Notes
Turn   | Place    | Note
-------+----------+-------------------------------------------
     0 | D:1      | Ijustatesigmund the Octopode Fighter began the quest for
                  | the Orb.
     0 | D:1      | Reached XP level 1. HP: 16/16 MP: 1/1
   215 | D:1      | Reached XP level 2. HP: 18/21 MP: 2/2
   716 | D:2      | Found a snail-covered altar of Cheibriados.
   945 | D:2      | Reached XP level 3. HP: 26/26 MP: 3/3
  1134 | D:2      | Found a shimmering blue altar of Sif Muna.
  1257 | D:4      | Found a white marble altar of Elyvilon.
  1257 | D:4      | Found an opulent altar of Gozag.
  1260 | D:4      | Reached XP level 4. HP: 14/32 MP: 4/4
  1525 | D:4      | Found an iron altar of Okawaru.
  2186 | D:3      | Noticed Terence
  2196 | D:3      | Killed Terence
  2316 | D:3      | Reached XP level 5. HP: 37/37 MP: 5/5
  2703 | D:3      | Reached XP level 6. HP: 27/44 MP: 6/6
  3064 | D:4      | Noticed Eustachio
  3077 | D:4      | Killed Eustachio
  3078 | D:4      | Reached skill level 5 in Fighting
  3078 | D:4      | Reached skill level 5 in Axes
  3154 | D:4      | Found a staircase to the Ecumenical Temple.
  3361 | D:4      | Noticed Natasha
  3367 | D:4      | Killed Natasha
  3508 | D:4      | Reached XP level 7. HP: 50/50 MP: 7/7
  3650 | D:5      | Entered Level 5 of the Dungeon
  3664 | Temple   | Entered the Ecumenical Temple
  3835 | D:5      | Found a burning altar of Makhleb.
  4109 | D:5      | Reached XP level 8. HP: 29/57 MP: 8/8
  4439 | D:5      | Found a stormy altar of Qazlal.
  5747 | D:6      | Found a sacrificial altar of Ru.
  5757 | D:6      | Reached skill level 5 in Dodging
  5757 | D:6      | Reached skill level 5 in Shields
  6491 | D:6      | HP: 2/58 [orc priest/+1 trident of protection (8)]
  6824 | D:6      | Noticed Duvessa
  6825 | D:6      | Noticed Dowan
  6836 | D:6      | Killed Duvessa
  6837 | D:6      | Reached XP level 9. HP: 59/63 MP: 9/9
  6841 | D:6      | Killed Dowan
  7667 | D:7      | Found a hide-covered altar of Uskayaw.
  7674 | D:7      | Noticed Joseph
  7677 | D:7      | Gained mutation: Potions are less effective at restoring
                  | your health. [potion of mutation]
  7677 | D:7      | Gained mutation: You are partially covered in iridescent
                  | scales. (AC +2) [potion of mutation]
  7677 | D:7      | Gained mutation: Your body sometimes deteriorates upon
                  | taking damage. [potion of mutation]
  7677 | D:7      | Gained mutation: You are partially covered in large bone
                  | plates. (SH +4) [potion of mutation]
  7683 | D:7      | Paralysed by Joseph for 6 turns
  7690 | D:7      | Shot with a sling bullet by Joseph

Illustrated notes

Levels and vault maps discovered:
D:1:      psy_arrival_statuary, layout_loops_ring
D:2:      layout_basic, lemuel_blue_sif_altar, cheibriados_altar_1
D:3:      layout_loops_ring, st_stairs_8, grunt_ministairs_9, uniq_terence
D:4:      layout_basic, grunt_temple_overflow_open, kennysheep_little_box,
          temple_green, nrook_uturn, uniq_eustachio, uniq_natasha
D:5:      layout_loops_ring, nicolae_qazlal_eye_of_the_storm, kennysheep_mini,
          minmay_starry_boxes
D:6:      layout_basic, overflow_temple_1_default, uniq_duvessa
D:7:      layout_loops_cross, overflow_temple_1_default, serial_shops,
          nicolae_shop_temple_entry_statues_fountains, uniq_joseph, uniq_pikel
Temple:   minmay_temple_bridge_abc

Skill      XL: |  1  2  3  4  5  6  7  8  9 |
---------------+----------------------------+-----
Axes           | 3 4 5 6 7 |  7.1
Fighting       | 4 5 6 7 |  7.1
Dodging        | 4 5 |  5.5
Shields        | 4 5 |  5.5

Action                   |  1- 3 |  4- 6 |  7- 9 || total
-------------------------+-------+-------+-------++-------
Melee: War axe           |    50 |    71 |   150 ||   271
       Constrict         |    16 |    14 |    28 ||    58
       Tentacles         |    11 |    13 |    31 ||    55
Throw: Dart              |       |     7 |    12 ||    19
Evoke: Wand              |       |     2 |     7 ||     9
  Use: Scroll            |     6 |     8 |     5 ||    19
       Potion            |       |       |     9 ||     9
 Stab: Sleeping          |     6 |     8 |     5 ||    19
       Distracted        |       |     1 |       ||     1
Armor: Skin              |     3 |     3 |     9 ||    15
Dodge: Dodged            |    16 |    20 |    58 ||    94
Block: Kite shield       |    23 |    22 |    69 ||   114

Table legend: (Time is in decaauts)
 A = Elapsed time spent in this place.
 B = Non-inter-level travel time spent in this place.
 C = Inter-level travel time spent in this place.
 D = Time resting spent in this place.
 E = Time spent auto-exploring this place.
 F = Levels seen in this place.
 G = Mean time per level.
                   A        B        C        D        E       F      G
               +--------+--------+--------+--------+--------+-----+--------+
         Total |   7723 |   7505 |    218 |   2254 |   4290 |   8 |  965.4 |
       Dungeon |   7591 |   7398 |    193 |   2254 |   4183 |   7 | 1084.4 |
        Temple |    131 |    107 |     24 |      0 |    107 |   1 |  131.0 |
               +--------+--------+--------+--------+--------+-----+--------+

Top non-repeatable levels by time:
     D:6: 2274 daAuts
     D:4: 1482 daAuts
     D:5: 1337 daAuts
     D:3: 1071 daAuts
     D:1: 710 daAuts
     D:2: 468 daAuts
     D:7: 247 daAuts
  Temple: 131 daAuts
